 Dungeon Crawl Stone Soup version 0.21.0-3-g78d12a8 (webtiles) character file.

2611 Gorice the Cleaver (level 9, -1/59 HPs)
             Began as a Demonspawn Wanderer on Jan 13, 2018.
             Was a Believer of Makhleb.
             Hit by a large rock thrown by a cyclops (12 damage)
             ... on level 8 of the Dungeon.
             The game lasted 00:28:46 (7371 turns).

Gorice the Cleaver (Demonspawn Wanderer)            Turns: 7371, Time: 00:28:47

Health: -1/59      AC: 16    Str: 16    XL:     9   Next: 34%
Magic:  0/18       EV: 11    Int: 14    God:    Makhleb [**....]
Gold:   506        SH:  0    Dex: 12    Spells: 8/8 levels left

rFire    . . .     SeeInvis .   a - +3 hand axe (chop)
rCold    . . .     Gourm    .   (no shield)
rNeg     . . .     Faith    +   y - +0 plate armour
rPois    .         Spirit   +   (helmet restricted)
rElec    .         Reflect  .   l - +1 cloak
rCorr    .         Harm     .   s - +0 pair of gloves
MR       .....                  (no boots)
Stlth    ..........             I - amulet of faith {!P}
HPRegen  0.19/turn              E - +6 ring of evasion
MPRegen  0.16/turn              P - ring of magical power

@: no status effects
A: antennae 2, foul stench 1, magic shield, rot immunity
a: Minor Destruction, Renounce Religion


You were on level 8 of the Dungeon.
You worshipped Makhleb.
Makhleb was pleased with you.
You were not hungry.

You visited 2 branches of the dungeon, and saw 9 of its levels.
You also visited: Sewer.

You collected 506 gold pieces.

Inventory:

Hand Weapons
 a - a +3 hand axe of chopping (weapon)
   (You found it on level 1 of the Dungeon)
 b - the +1 longbow of Unpleasantness {flame, -Tele rC- Int+4 Dex+8}
   (You acquired it on level 5 of the Dungeon)

   It causes projectiles fired from it to burn those they strike, causing extra
   injury to most foes and up to half again as much damage against particularly
   susceptible opponents.
   It affects your intelligence (+4).
   It affects your dexterity (+8).
   It makes you vulnerable to cold.
   It prevents most forms of teleportation.
 c - a +5 short sword of flaming
   (You took it off Duvessa on level 7 of the Dungeon)
 g - a +2 shortbow
 D - a +0 war axe
Missiles
 i - 60 arrows
 n - 11 tomahawks
 W - 3 tomahawks of dispersal
 Y - 295 stones (quivered)
 Z - a throwing net
Armour
 l - a +1 cloak (worn)
 o - a +0 scale mail
 s - a +0 pair of gloves (worn)
 y - a +0 plate armour (worn)
Jewellery
 f - an uncursed ring of protection from fire
 E - a +6 ring of evasion (left hand)
 I - an amulet of faith (around neck) {!P}
 P - a ring of magical power (right hand)
Wands
 u - a wand of paralysis (8)
 F - a wand of acid (8)
 G - a wand of random effects (30)
Scrolls
 q - 4 scrolls of remove curse
 x - 3 scrolls of blinking
 z - 2 scrolls of amnesia
 A - a scroll of magic mapping {!r}
 H - a scroll of fear {!r}
 J - 8 scrolls of teleportation {!r}
Potions
 d - 4 potions of curing
 e - a potion of cancellation {unknown}
 h - 5 potions of heal wounds {!q}
 j - 3 potions of brilliance {!q}
 k - a potion of ambrosia {unknown}
 m - a potion of magic {unknown}
 p - 3 potions of flight
 r - 2 potions of mutation {!q}
 t - a potion of berserk rage {unknown}
 v - 4 potions of lignification {!q}
 w - a potion of degeneration {unknown}
 B - a potion of agility {unknown}
Comestibles
 C - a chunk of flesh
 K - 14 rations


   Skills:
 - Level 1.4 Fighting
   Level 1.0 Long Blades
 * Level 9.9 Axes
 - Level 1.7 Bows
 + Level 6.6 Armour
 - Level 1.0 Dodging
   Level 1.7 Shields


You had 8 spell levels left.
You didn't know any spells.

Dungeon Overview and Level Annotations

Branches:
Dungeon (8/15)             Temple (1/1) D:5            Lair (0/6) D:8

Altars:
Ashenzari
Cheibriados
Dithmenos
Elyvilon
Fedhas
Gozag
Hepliaklqana
Kikubaaqudgha
Makhleb
Nemelex Xobeh
Okawaru
Qazlal
Ru
Sif Muna
Trog
Uskayaw
Vehumet
Wu Jian
Xom
Yredelemnul
Zin
The Shining One

Shops:
D:4 [


Innate Abilities, Weirdness & Mutations

You have a pair of antennae on your head.
You may emit foul miasma when damaged in melee.
When hurt, damage is shared between your health and your magic reserves.
You are immune to rotting.


Message History

You are too injured to fight recklessly!
You are too injured to fight recklessly!
You are too injured to fight recklessly!
You are too injured to fight recklessly!
You are too injured to fight recklessly!
You are too injured to fight recklessly!
Your plate armour prevents you from hitting the killer bee zombie.
The killer bee zombie barely misses you.
You slash the killer bee zombie!
The killer bee zombie is heavily damaged.
The killer bee zombie hits you.
* * * LOW HITPOINT WARNING * * *
The killer bee zombie hits you but does no damage.
Damage: 1 (max 3)
Your plate armour prevents you from hitting the killer bee zombie.
The killer bee zombie is heavily damaged.
The killer bee zombie hits you but does no damage.
You closely miss the killer bee zombie.
The killer bee zombie is heavily damaged.
The killer bee zombie misses you.
The killer bee zombie barely misses you.
You miss the killer bee zombie.
The killer bee zombie is heavily damaged.
The killer bee zombie hits you but does no damage.
You hit the killer bee zombie.
The killer bee zombie is severely damaged.
The killer bee zombie barely misses you.
The killer bee zombie hits you.
* * * LOW HITPOINT WARNING * * *
Damage: 1 (max 3)
You closely miss the killer bee zombie.
The killer bee zombie is severely damaged.
The killer bee zombie barely misses you.
You hit the killer bee zombie.
The killer bee zombie is almost destroyed.
The killer bee zombie hits you but does no damage.
The killer bee zombie hits you.
* * * LOW HITPOINT WARNING * * *
Damage: 2 (max 3)
You closely miss the killer bee zombie.
The killer bee zombie is almost destroyed.
The killer bee zombie misses you.
You hit the killer bee zombie but do no damage.
The killer bee zombie is almost destroyed.
The killer bee zombie misses you.
You hit the killer bee zombie.
You destroy the killer bee zombie!
Makhleb accepts your kill.
The cyclops throws a large rock.
The large rock hits you!!
You die...

#...#......[...#
##..###.........#################
#..## ##........#................
..#+...##.).....#.##........#..##
.##.....##..............>...#..##
##...... ##.......#.........#..##
# ..._.. ###.....#............##
##...... ##...#...#............##
.##.....##......@...##.##..#...#.
..##...##....#..#...##.##..#...##
...## ##....#...#...##.##..#.....
....###....#..#.#.#.##.##..#..###
.....#....##.##.#.#.##.##..#.....
.....#...###.#..#.#.##.##..#..###
.#.#....####.#C##.#..#.##..#.....
.#.##...# #....##.#..#.##..######
.#..#..## #.#.## #....#


You could see a cyclops.

Vanquished Creatures
  An ugly thing (D:8)
  A hippogriff (D:6)
  A water moccasin (D:7)
  Duvessa (D:7)
  A sky beast (D:8)
  A centaur (D:7)
  An ogre (D:7)
  A phantom (D:8)
  A crocodile (Sewer)
  A bullfrog (D:7)
  Dowan (D:7)
  3 scorpions
  2 crimson imps
  A bullfrog zombie (D:5)
  A jelly (D:8)
  3 bullfrog skeletons
  3 orc priests
  6 hounds
  Jessica (D:2)
  2 iguanas
  5 orc wizards
  2 worker ants
  2 killer bee zombies
  A hound zombie (D:7)
  3 hound skeletons
  7 gnolls
  7 adders
  A shadow imp (D:4)
  2 oozes
  An adder skeleton (D:5)
  An adder zombie (D:5)
  3 worms
  3 dart slugs
  5 leopard geckos
  24 orcs
  7 bats
  4 giant cockroaches
  10 goblins
  9 hobgoblins
  14 jackals
  5 quokkas
  A ball python (D:1)
  6 frilled lizards
  12 kobolds
  A leopard gecko zombie (D:8)
  A quokka skeleton (D:4)
  7 rats
177 creatures vanquished.

Notes
Turn   | Place    | Note
-------+----------+-------------------------------------------
     0 | D:1      | Gorice the Demonspawn Wanderer began the quest for the Orb.
     0 | D:1      | Gorice set off with: a +2 shortbow, 27 arrows, a scroll of teleportation {!r}, a potion of curing, a +0 robe, a ration
     0 | D:1      | Reached XP level 1. HP: 15/15 MP: 1/1
   127 | D:1      | Reached skill level 1 in Axes
   137 | D:1      | Gained mutation: You have a pair of small antennae on your head. [demonic ancestry]
   137 | D:1      | Reached XP level 2. HP: 18/21 MP: 2/2
   459 | D:1      | Reached skill level 2 in Axes
   775 | D:1      | Reached XP level 3. HP: 12/26 MP: 3/3
   974 | D:1      | Reached skill level 3 in Axes
  1120 | D:2      | Gained mutation: When hurt, damage is shared between your health and your magic reserves. [demonic ancestry]
  1120 | D:2      | Reached XP level 4. HP: 18/32 MP: 4/4
  1560 | D:2      | Noticed Jessica
  1568 | D:2      | Killed Jessica
  1568 | D:2      | Reached skill level 4 in Axes
  1593 | D:2      | Gained mutation: You have a pair of antennae on your head. [demonic ancestry]
  1593 | D:2      | Reached XP level 5. HP: 29/37 MP: 3/5
  2176 | D:3      | Reached skill level 5 in Axes
  2361 | D:3      | Found a glowing drain.
  2401 | Sewer    | Entered a sewer
  2607 | Sewer    | Noticed a crocodile
  2622 | Sewer    | Killed a crocodile
  2622 | Sewer    | Reached skill level 3 in Armour
  2622 | Sewer    | Gained mutation: You are immune to rotting. [demonic ancestry]
  2622 | Sewer    | Reached XP level 6. HP: 43/43 MP: 6/6
  2967 | D:4      | Found Kegaush's Armour Emporium.
  3372 | D:4      | Found a burning altar of Makhleb.
  3503 | D:4      | Became a worshipper of Makhleb the Destroyer
  3526 | D:5      | Entered Level 5 of the Dungeon
  3578 | D:5      | Reached skill level 6 in Axes
  3592 | D:5      | Gained mutation: You may emit foul miasma when damaged in melee. [demonic ancestry]
  3592 | D:5      | Reached XP level 7. HP: 48/48 MP: 7/7
  3925 | D:5      | Found a staircase to the Ecumenical Temple.
  3965 | Temple   | Entered the Ecumenical Temple
  4194 | D:5      | Reached skill level 4 in Armour
  4528 | D:5      | Found an iron altar of Okawaru.
  4604 | D:5      | Identified a scroll of acquirement
  4605 | D:5      | Got a fine longbow
  4606 | D:5      | Identified the +1 longbow of Unpleasantness {flame, -Tele rC- Int+4 Dex+8} (You acquired it on level 5 of the Dungeon)
  4618 | D:6      | Found a stormy altar of Qazlal.
  4750 | D:6      | Noticed a water elemental
  5028 | D:6      | Reached * piety under Makhleb
  5058 | D:6      | Reached skill level 7 in Axes
  5265 | D:6      | Noticed a fire elemental
  5266 | D:6      | Noticed an air elemental
  5659 | D:7      | Reached XP level 8. HP: 48/54 MP: 8/8
  5692 | D:7      | Noticed a hippogriff
  5718 | D:6      | Killed a hippogriff
  5769 | D:7      | Reached skill level 5 in Armour
  5804 | D:7      | Reached skill level 8 in Axes
  6022 | D:7      | Noticed Dowan
  6023 | D:7      | Noticed Duvessa
  6070 | D:7      | Killed Duvessa
  6070 | D:7      | Reached ** piety under Makhleb
  6080 | D:7      | Killed Dowan
  6466 | D:7      | Reached skill level 9 in Axes
  6531 | D:7      | Found an opulent altar of Gozag.
  6544 | D:7      | Found a radiant altar of Vehumet.
  6992 | D:8      | Reached skill level 6 in Armour
  6992 | D:8      | Reached XP level 9. HP: 59/59 MP: 9/9
  7012 | D:8      | Found a glowing golden altar of the Shining One.
  7176 | D:8      | Noticed a brown ugly thing
  7205 | D:8      | Killed a brown ugly thing
  7236 | D:8      | Found a staircase to the Lair.
  7309 | D:8      | Noticed a cyclops
  7326 | D:8      | HP: 13/59 [cyclops/large rock (14)]
  7346 | D:8      | HP: 13/59 [killer bee zombie (3)]
  7352 | D:8      | HP: 13/59 [killer bee zombie (2)]
  7358 | D:8      | HP: 12/59 [killer bee zombie (2)]
  7364 | D:8      | HP: 9/59 [killer bee zombie (2)]
  7371 | D:8      | Hit by a large rock thrown by a cyclops

Skill      XL: |  1  2  3  4  5  6  7  8 |
---------------+-------------------------+-----
Axes           | 1 2 3 4 5 6 7 9 |  9.9
Armour         | 3 4 6 |  6.6
Fighting       | |  1.4
Long Blades    | |  1.0
Bows           | |  1.7
Dodging        | |  1.0
Shields        | |  1.7

Action                   |  1- 3 |  4- 6 |  7- 9 || total
-------------------------+-------+-------+-------++-------
Melee: Hand axe          |    77 |   275 |   389 ||   741
 Fire: Shortbow          |     7 |     3 |     9 ||    19
       Longbow           |       |       |    17 ||    17
Throw: Stone             |       |     4 |       ||     4
Evoke: Wand              |       |     1 |     2 ||     3
  Use: Scroll            |     2 |    11 |     5 ||    18
 Stab: Paralysed         |       |     6 |    11 ||    17
  Eat: Chunk             |     1 |     8 |    12 ||    21
Armor: Robe              |     5 |       |       ||     5
       Scale mail        |    38 |    84 |       ||   122
       Plate armour      |       |   111 |   236 ||   347
Dodge: Dodged            |    56 |   107 |   103 ||   266

Table legend:
 A = Turns spent in this place as a percentage of turns spent in the entire game.
 B = Non-inter-level travel turns spent in this place as a percentage of non-inter-level travel turns spent in the entire game.
 C = Inter-level travel turns spent in this place as a percentage of turns spent in this place.
 D = Turns resting spent in this place as a percentage of non-inter-level travel turns spent in this place.
 E = Turns spent auto-exploring this place as a percentage of non-inter-level travel turns spent in this place.
 F = Non-inter-level travel turns spent in this place divided by the number of levels of this place that you've seen.
                   A       B       C       D       E      F
               +-------+-------+-------+-------+-------+----------------------
         Total | 100.0 | 100.0 |   2.3 |  22.3 |  38.0 | 720.3
       Dungeon |  92.3 |  92.4 |   2.2 |  20.5 |  38.5 | 832.1
        Temple |   2.5 |   2.3 |  10.4 |   0.0 |  98.2 | 164.0
         Sewer |   5.2 |   5.3 |   0.0 |  63.9 |   3.4 | 382.0
               +-------+-------+-------+-------+-------+----------------------

Vault maps used:
D:1:      lightli_arrival_flooded_house
D:2:      uniq_jessica
D:3:      portal_sewer_entry_d
D:4:      makhleb_grotto_becter, serial_shops, nicolae_shop_stone
D:5:      okawaru_gym_becter, minmay_temple_entry_glass, first_ration
D:6:      nrook_mini_vaults, minmay_misc_feat_roman,
          nicolae_qazlal_style_of_elements
D:7:      minitemple, minmay_fountain_box, grunt_ogre_cave, uniq_duvessa
D:8:      minmay_diamond_stairs, tso_metal_star, serial_shops, shop, nrook_uturn
Temple:   eino_temple_rhombus
Sewer:    sewer_the_crocodile
